 Dungeon Crawl Stone Soup version 0.30-a0-782-ge64f9170bb (webtiles) character file.

Game seed: 13827272587205517407

1415 derval the Caller (level 8, -3/57 HPs)
             Began as an Octopode Summoner on Mar 16, 2023.
             Shot with an arrow by a centaur (9 damage)
             ... on level 5 of the Dungeon.
             The game lasted 00:08:09 (3912 turns).

derval the Caller (Octopode Summoner)               Turns: 3912, Time: 00:08:10

Health: -3/57      AC:  5    Str:  7    XL:     8   Next: 71%
Magic:  9/23       EV: 13    Int: 19    God:
Gold:   255        SH:  0    Dex: 13    Spells: 5/15 levels left

rFire   . . .      SeeInvis .    e - +1 spear (venom)
rCold   + . .      Faith    .    (no shield)
rNeg    . . .      Spirit   .    (helmet restricted)
rPois   +          Reflect  .    (no amulet)
rElec   .          Harm     .    f - ring of magical power
rCorr   .          Rampage  .    g - +4 ring of protection
Will    .....                    j - ring of protection from cold
Stlth   +++                      t - ring of poison resistance
HPRegen 0.29/turn                (no ring)
MPRegen 0.18/turn                (no ring)
                                 (no ring)
                                 (no ring)

@: no status effects
A: almost no armour, amphibious, 8 rings, camouflage 1, gelatinous body 1,
(nimble swimmer 1), tentacles
a: no special abilities


You were on level 5 of the Dungeon.
You visited 1 branch of the dungeon, and saw 5 of its levels.

You collected 255 gold pieces.

Inventory:

Hand Weapons
 e - a +1 spear of venom (weapon)
Jewellery
 f - a ring of magical power (left tentacle)
 g - a +4 ring of protection (right tentacle)
 j - a ring of protection from cold (on tentacle)
 t - a ring of poison resistance (on tentacle)
Wands
 d - a wand of roots (13)
Scrolls
 h - a scroll of vulnerability
 l - 2 scrolls of magic mapping
 p - a scroll of immolation {unknown}
 q - 2 scrolls of enchant weapon
 r - a scroll of butterflies {unknown}
 u - a scroll of fog {unknown}
Potions
 a - a potion of magic
 b - 2 potions of attraction {unknown}
 c - 2 potions of cancellation
 i - 4 potions of resistance
 k - a potion of flight {unknown}
 m - a potion of brilliance {unknown}
 n - a potion of invisibility {unknown}
 o - a potion of curing {@q1}
 s - a potion of mutation {!q}
 v - a potion of heal wounds {unknown}


   Skills:
 + Level 5.9 Fighting
 - Level 2.0 Dodging
 - Level 2.6 Stealth
 - Level 4.0 Spellcasting
 - Level 6.0 Summonings
 - Level 6.0 Air Magic


You had 5 spell levels left.
You knew the following spells:

 Your Spells              Type           Power      Damage    Failure   Level
e - Summon Lightning Spi  Summ/Air       26%        N/A       12%         4
r - Summon Guardian Gole  Hex/Summ       15%        N/A       12%         3
z - Call Canine Familiar  Summ           26%        N/A       3%          3

Your spell library contained the following spells:

 Spells                   Type           Power      Damage    Failure   Level
 Summon Small Mammal      Summ           100%       N/A       1%          1
 Call Imp                 Summ           26%        N/A       1%          2
 Swiftness                Air            26%        N/A       3%          3
 Ensorcelled Hibernation  Hex/Ice        6%         N/A       21%         2
 Passwall                 Tmut/Erth      2%         N/A       21%         2


Dungeon Overview and Level Annotations

Branches:
Dungeon (5/15)
 Temple: D:4-7

Altars:
Okawaru
Qazlal

Shops:
D:3 (((


Innate Abilities, Weirdness & Mutations

You cannot wear most types of armour.
You are amphibious.
You can wear up to eight rings at the same time.
Your skin changes colour to match your surroundings (Stealth+).
Your rubbery body absorbs attacks. (AC +1, EV +1)
((You are camouflaged when in or above water. (Stealth+)))
You have tentacles for arms and can constrict up to eight enemies at once.


Message History

The centaur shoots an arrow.
The arrow hits your lightning spire!
Okay, then.
It was a potion of curing.
You feel better.
The orc priest hits your lightning spire with a +1 heavy war axe!
Your lightning spire shoots out a bolt of lightning at the centaur!
The bolt of electricity hits the centaur!
The centaur shoots an arrow.
The arrow hits your hound!
You hear an angry hiss.
The centaur shoots an arrow.
The arrow hits you but does no damage.
The orc priest hits your lightning spire with a +1 heavy war axe.
Your lightning spire is destroyed!
Your lightning spire disappears in a puff of smoke!
The centaur shoots an arrow.
The arrow closely misses you.
The centaur shoots an arrow.
The arrow barely misses you.
The orc priest calls down the wrath of Beogh upon your guardian golem.
Your guardian golem is smitten.
Your guardian golem is destroyed!
Your guardian golem disappears in a puff of smoke!
Casting: Summon Lightning Spire (dangerous; 12% risk of failure)
Confirm with . or Enter, or press ? or * to list all spells.
An electric hum fills the air.
The centaur shoots an arrow.
The arrow hits your lightning spire.
The orc priest mumbles some strange prayers to Beogh against your hound.
Your hound writhes in agony!
Your hound dies!
Your hound's corpse disappears in a puff of smoke!
The centaur shoots an arrow.
The arrow completely misses your lightning spire.
The arrow hits you!
* * * LOW HITPOINT WARNING * * *
The centaur shoots an arrow.
The arrow hits your lightning spire!
Your lightning spire shoots out a bolt of lightning at the adder!
The bolt of electricity hits the adder!
The adder dies!
The bolt of electricity hits the orc priest!
The orc priest dies!
The centaur shoots an arrow.
The arrow hits your lightning spire but does no damage.
The centaur shoots an arrow.
The arrow hits you!
You die...

...#.)......?...#
[.....c..##+#####
........)...#
............#
.>..........#
...........8###
###...........#
#...........#
##.........@#
#..........##
#...........#
#...........#
#.>.........#
#....###...##
#....# #...#
#..).# #####
####.#


You could see a centaur (ally target) and a friendly lightning spire (summoned).

Vanquished Creatures
  A jelly (D:4)
  A gnoll (D:4)
  3 adders
  2 dart slugs (D:1)
  3 orcs (D:3)
  An endoplasm (D:1)
  4 giant cockroaches
  2 hobgoblins
  2 jackals
  6 quokkas
  4 ball pythons
  2 bats (D:3)
  A frilled lizard (D:3)
  4 goblins
  7 kobolds
  5 rats
48 creatures vanquished.

Vanquished Creatures (collateral kills)
  3 yaks (D:5)
  A water moccasin (D:5)
  A black bear (D:4)
  An ogre (D:5)
  A phantom (D:5)
  A scorpion (D:5)
  A jelly (D:1)
  An orc priest (D:5)
  An adder (D:5)
  A gnoll (D:4)
  A shadow imp (D:5)
  An ufetubus (D:5)
  A worm (D:1)
  4 orcs
  A ball python (D:1)
  3 endoplasms
  3 giant cockroaches
  3 goblins
  8 jackals
  2 kobolds (D:1)
  2 bats
  2 rats
43 creatures vanquished.

Vanquished Creatures (others)
  A yak (D:5)
  A black bear (D:5)
  A gnoll sergeant (D:4)
  A gnoll (D:4)
  2 plants (D:4)
6 creatures vanquished.

Grand Total: 97 creatures vanquished

Notes
Turn   | Place    | Note
-------+----------+-------------------------------------------
     0 | D:1      | derval the Octopode Summoner began the quest for the Orb.
     0 | D:1      | Reached XP level 1. HP: 11/11 MP: 3/3
     0 | D:1      | Noticed a jelly
     1 | D:1      | Found a runed translucent door.
   150 | D:1      | Reached XP level 2. HP: 11/17 MP: 1/5
   905 | D:2      | Reached XP level 3. HP: 14/21 MP: 7/7
   909 | D:2      | Learned a level 3 spell: Call Canine Familiar
  1002 | D:1      | Reached skill level 5 in Summonings
  1002 | D:1      | Reached XP level 4. HP: 27/27 MP: 8/8
  1898 | D:3      | Found Saejyum's Weapon Shoppe.
  1914 | D:3      | Found Diryla's Weapon Boutique.
  2012 | D:3      | Reached XP level 5. HP: 31/31 MP: 9/9
  2013 | D:3      | Found Qopneen's Weapon Emporium.
  2170 | D:3      | Learned a level 3 spell: Summon Guardian Golem
  2296 | D:4      | Noticed a black bear
  2323 | D:4      | Killed a black bear
  2324 | D:4      | Reached skill level 1 in Air Magic
  2448 | D:4      | Reached XP level 6. HP: 33/36 MP: 11/11
  2526 | D:4      | Found a stormy altar of Qazlal.
  3011 | D:4      | Learned a level 4 spell: Summon Lightning Spire
  3025 | D:5      | Entered Level 5 of the Dungeon
  3229 | D:5      | Noticed a black bear
  3246 | D:5      | Killed a black bear
  3247 | D:5      | Reached XP level 7. HP: 41/41 MP: 13/13
  3390 | D:5      | Found an iron altar of Okawaru.
  3495 | D:5      | Noticed a yak
  3495 | D:5      | Noticed a yak
  3586 | D:5      | Noticed a yak
  3588 | D:5      | Noticed a yak
  3603 | D:5      | Killed a yak
  3604 | D:5      | Reached skill level 5 in Air Magic
  3615 | D:5      | Reached skill level 1 in Fighting
  3615 | D:5      | Killed a yak
  3616 | D:5      | Reached XP level 8. HP: 42/51 MP: 6/14
  3626 | D:5      | Killed a yak
  3669 | D:5      | Killed a yak
  3793 | D:5      | Reached skill level 5 in Fighting
  3912 | D:5      | Shot with an arrow by a centaur

Illustrated notes

Levels and vault maps discovered:
D:1:      dpeg_arrival_caged_fury, layout_basic, st_stairs_7
D:2:      layout_rooms, serial_bayou_ford_a
D:3:      layout_rooms, serial_shops, shop, nicolae_shop_bloodbath_and_beyond,
          nicolae_diamond_shop
D:4:      layout_basic, amcnicky_altar_gilded, hangedman_abyss_or_decor_passed,
          serial_bayou_pond_d, eino_curves_01
D:5:      layout_basic, okawaru_gym_becter, minmay_manual_monstrance

Skill      XL: |  1  2  3  4  5  6  7  8 |
---------------+-------------------------+-----
Spellcasting   | 3 4 |  4.0
Summonings     | 5 6 |  6.0
Air Magic      | 1 3 5 6 |  6.0
Fighting       | 2 5 |  5.9
Dodging        | |  2.0
Stealth        | |  2.6

Action                     |  1- 3 |  4- 6 |  7- 9 || total
---------------------------+-------+-------+-------++-------
  Melee: Unarmed           |    12 |       |       ||    12
         Tentacles         |    10 |     9 |     1 ||    20
         Constrict         |    12 |    20 |     1 ||    33
         Short sword       |    30 |    13 |       ||    43
         Spear             |       |    84 |     5 ||    89
   Cast: Summon Small Mamm |    21 |     8 |       ||    29
         Call Canine Famil |     2 |    21 |     6 ||    29
         Summon Guardian G |       |     4 |     4 ||     8
         Summon Lightning  |       |     3 |    12 ||    15
    Use: Scroll            |       |    11 |       ||    11
         Potion            |       |       |     1 ||     1
   Stab: Sleeping          |     3 |     4 |       ||     7
 Armour: Skin              |     1 |    14 |     7 ||    22
  Dodge: Dodged            |    32 |    68 |     7 ||   107

Table legend: (Time is in decaauts)
 A = Elapsed time spent in this place.
 B = Non-inter-level travel time spent in this place.
 C = Inter-level travel time spent in this place.
 D = Time resting spent in this place.
 E = Time spent auto-exploring this place.
 F = Levels seen in this place.
 G = Mean time per level.
                   A        B        C        D        E       F      G
               +--------+--------+--------+--------+--------+-----+--------+
         Total |   3919 |   3678 |    241 |    171 |   2546 |   5 |  783.8 |
       Dungeon |   3919 |   3678 |    241 |    171 |   2546 |   5 |  783.8 |
               +--------+--------+--------+--------+--------+-----+--------+

Top non-repeatable levels by time:
     D:1: 1227 daAuts
     D:5: 853 daAuts
     D:4: 820 daAuts
     D:2: 636 daAuts
     D:3: 381 daAuts
